 Dungeon Crawl Stone Soup version 0.17-a0-1409-ge6d9485 (webtiles) character file.

109514 HEYYEYAAE the Earth Mage (level 17, 0/133 HPs)
             Began as a Human Earth Elementalist on June 22, 2015.
             Was the Champion of Vehumet.
             Slain by an anaconda (1 damage)
             ... on level 3 of the Snake Pit.
             The game lasted 02:08:43 (33955 turns).

HEYYEYAAE the Earth Mage (HuEE)                    Turns: 33955, Time: 02:08:44

Health: 0/133      AC: 15    Str: 10    XL:     17   Next: 7%
Magic:  23/33      EV: 17    Int: 25    God:    Vehumet [******]
Gold:   1426       SH:  0    Dex: 16    Spells: 6 memorised, 22 levels left

rFire  . . .     SeeInvis .     e - +5 dagger (venom)
rCold  . . .     Clarity  .     n - +3 leather armour of Beogh's Condemnation {rElec rPois rN+}
rNeg   + + .     SustAt   .     (no shield)
rPois  +         Gourm    .     c - +2 hat {Int+3}
rElec  +         Spirit   .     k - +2 cloak
rCorr  .         Warding  +     y - +1 pair of gloves {Str+3}
rMut   .         Stasis   .     (no boots)
MR     ++...                    o - amulet of warding
Stlth  ++........               O - ring of protection from magic
                                p - ring of invisibility

@: constricted, very resistant to hostile enchantments, unstealthy
A: no striking features
a: Renounce Religion, Evoke Invisibility


You were on level 3 of the Snake Pit.
You worshipped Vehumet.
Vehumet was exalted by your worship.
You were very hungry.

You visited 5 branches of the dungeon, and saw 29 of its levels.
You visited the Abyss 1 time.
You also visited: Ice Cave.

You collected 2740 gold pieces.
You spent 1314 gold pieces at shops.

Inventory:

Hand weapons
 e - a +5 dagger of venom (weapon)
 C - a +0 falchion of protection
 T - the +6 flail "Woxi" {pain, rF+ MR+ Int+2}
   (You took it off an orc on level 11 of the Dungeon)

   In the hands of one skilled in necromantic magic, it inflicts extra damage on
   living creatures.
   It affects your intelligence (+2).
   It protects you from fire.
   It affects your resistance to hostile enchantments.
Armour
 b - the +2 robe "Nodantoe" {rElec Int+5 SInv}
   (You bought it in a shop on level 1 of the Orcish Mines)

   It affects your intelligence (+5).
   It insulates you from electricity.
   It lets you see invisible.
 c - a +2 hat of intelligence (worn)
 k - a +2 cloak (worn)
 n - the +3 leather armour of Beogh's Condemnation (worn) {rElec rPois rN+}
   (You bought it in a shop on level 4 of the Orcish Mines)

   It insulates you from electricity.
   It protects you from poison.
   It protects you from negative energy.
 v - a +0 robe of cold resistance
 y - a +1 pair of gloves of strength (worn)
 N - a +0 troll leather armour
Rods
 P - a +0 lightning rod (9/9)
   (You found it on level 3 of the Lair of Beasts)
Jewellery
 g - an uncursed ring of ice
 o - an amulet of warding (around neck)
 p - a ring of invisibility (left hand)
 A - an uncursed ring of poison resistance
 B - an uncursed ring of flight
 J - a cursed amulet of stasis
 M - an uncursed ring of protection from magic
 O - a ring of protection from magic (right hand)
 R - an uncursed ring of see invisible
Magical devices
 h - a wand of digging (8)
 L - a wand of confusion (31)
 S - a wand of lightning (7)
 V - a wand of cold (2)
 Z - a wand of lightning (2)
Scrolls
 s - 13 scrolls of remove curse
 F - 2 scrolls of magic mapping
 H - 2 scrolls of amnesia
 W - 5 scrolls of recharging
 X - 2 scrolls of fog
Potions
 j - 4 potions of might
 m - 8 potions of brilliance
 u - 5 potions of flight
 x - a potion of cure mutation
 E - 2 potions of lignification
 Q - a potion of resistance
Miscellaneous
 l - a phial of floods (inert)
 q - a box of beasts {used: 11}
 r - a plain deck of escape {drawn: 2}
 t - a fan of gales (inert)
 D - a sack of spiders {used: 3}
 K - a plain deck of defence {drawn: 4}
Comestibles
 d - 10 bread rations
 I - 9 meat rations


   Skills:
 + Level 11.8 Fighting
 + Level 11.8 Armour
 + Level 11.9 Dodging
 - Level 2.0 Stealth
 * Level 12.1 Spellcasting
 - Level 1.0 Transmutations
 * Level 16.2 Earth Magic


You had 22 spell levels left.
You knew the following spells:

 Your Spells              Type           Power        Failure   Level  Hunger
a - Sandblast             Erth           ######       0%          1    None
b - Stone Arrow           Conj/Erth      ######       1%          3    None
c - Stoneskin             Trmt/Erth      ######..     1%          2    None
d - Lee's Rapid Deconstr  Erth           #######...   1%          5    ###....
e - Petrify               Trmt/Erth      ######..     1%          4    None
f - Passwall              Trmt/Erth      ######....   1%          3    None


Dungeon Overview and Level Annotations

Branches:
Dungeon (13/15) Temple (1/1) D:7 Lair (8/8) D:9 Shoals (0/4) Lair:5 Snake (3/4) Lair:4 Slime (0/6) Lair:7 Lair:8 Orc (4/4) D:12 Elf (0/3) Orc:3 Vaults: D:13-14

Altars:
Dithmenos
Elyvilon
Fedhas
Gozag
Kikubaaqudgha
Makhleb
Nemelex Xobeh
Qazlal
Ru
Sif Muna
Trog
Vehumet
Xom
Yredelemnul
Zin
Beogh
Jiyva

Shops:
Orc:1 [   Orc:2 ?   Orc:4 [((

Annotations:
D:3 Terandir's ghost, average DEIE
D:6 HEYYEYAAE's ghost, experienced HuEE


Message History

Your +1 pair of gloves of strength unmelds from your body.
The +3 leather armour of Beogh's Condemnation {rElec rPois rN+} unmelds from your body.
You feel clever.
You feel stronger. The black mamba bites you.
* * * LOW HITPOINT WARNING * * *
The anaconda misses you.
* * * LOW HITPOINT WARNING * * *
The anaconda constricts you. The anaconda barely misses you.
The black mamba closely misses you. The anaconda closely misses you.
* * * LOW HITPOINT WARNING * * *
The anaconda constricts you. The anaconda bites you.
* * * LOW HITPOINT WARNING * * *
Unknown command.
Really walk into that teleport trap?
Your attempt to break free from the anaconda fails, but you feel that another attempt might succeed.
The black mamba bites you but does no damage.
The anaconda misses you. The anaconda constricts you.
The anaconda bites you but does no damage.
The black mamba completely misses you. The anaconda bites you.
You die...

##.. ##........ ##...
#.......## ##...###..#....##
##.....#...#.....#
###.........##......
##....S.....##.......
###..........###.......
##.............#...###..
###.....^@S(.........# #..
##.......SS............###.
##.................#........
#.................###...!...
#...##.....#......##
........ #..
###...####...### .####..# #.
##...####.....# .. #.# ##.
##...## ......... .. #..
##...###... .......


You could see 3 anacondas and a black mamba.

Vanquished Creatures
  Rupert (Lair:5)
  Gastronok (Lair:1)
  Kirke (Lair:4)
  Snorg (Lair:4)
  A fire dragon (Lair:8)
  Josephine (D:12)
  Fannar (Orc:1)
  6 naga warriors
  11 hydras
  An ogre mage (Orc:4)
  3 anacondas
  A catoblepas (Lair:8)
  5 shock serpents
  3 death yaks
  2 naga sharpshooters
  Nergalle (D:12)
  7 hill giants
  3 mana vipers
  2 naga ritualists
  2 orc sorcerers
  4 oklob plants (Lair:6)
  2 griffons
  4 salamanders
  3 cyclopes
  2 manticores (D:12)
  An ugly thing (D:12)
  9 elephants
  A guardian serpent (Snake:3)
  Joseph (Lair:1)
  A centaur zombie (D:10)
  13 naga magi
  25 black mambas
  3 gargoyles
  11 spiny frogs
  8 trolls
  6 fire drakes
  11 komodo dragons
  A two-headed ogre (D:9)
  9 polar bears (IceCv)
  23 blink frogs
  Sigmund (D:3)
  A deep elf mage (D:11)
  3 fire bats (Orc:2)
  4 wraiths
  A basilisk (D:13)
  A neqoxec (Abyss:1)
  5 steam dragons (Lair:8)
  53 yaks
  10 hippogriffs
  13 wolves
  7 wargs
  Edmund (D:6)
  20 nagas
  A swamp drake (Lair:8)
  16 water moccasins
  A sky beast (D:12)
  11 ice beasts
  19 porcupines
  3 wasps
  36 orc warriors
  2 centaurs
  11 ogres
  An eye of draining (D:12)
  A necrophage (D:5)
  14 crocodiles
  18 giant frogs
  A water moccasin zombie (D:7)
  A wyvern skeleton (D:8)
  11 killer bees
  A scorpion (D:11)
  7 wights
  4 electric eels (D:9)
  2 jellies (D:6)
  28 orc wizards
  A giant frog zombie (D:10)
  2 quasits
  4 crimson imps
  A centaur skeleton (D:6)
  9 iguanas
  8 hounds
  34 orc priests
  4 worker ants
  18 sheep
  A killer bee zombie (D:9)
  2 hound skeletons
  2 mummies (D:11)
  3 worker ant zombies
  13 adders
  38 river rats
  2 oozes (Lair:8)
  2 adder skeletons
  An adder zombie (D:6)
  2 worms
  145 orcs
  A bat skeleton (D:6)
  6 giant cockroaches
  19 hobgoblins
  13 jackals
  9 kobolds
  3 quokkas
  8 bats
  5 giant geckos
  8 giant newts
  24 goblins
  6 rats
  5 fungi
  3 plants
903 creatures vanquished.

Vanquished Creatures (collateral kills)
  A catoblepas (Lair:8)
  An anaconda (Snake:3)
  A death yak (Lair:8)
  A shock serpent (Snake:1)
  A naga ritualist (Snake:3)
  A manticore (Lair:5)
  A mana viper (Snake:3)
  2 black mambas
  A spiny frog (Lair:8)
  2 nagas (Snake:3)
  A river rat (Lair:8)
13 creatures vanquished.

Vanquished Creatures (others)
  A black mamba (Snake:1)
  3 polar bears (IceCv)
  A human (Lair:5)
  A yak (IceCv)
  A wolf (IceCv)
  2 water moccasins (Lair:5)
  2 orcs
  5 fungi
  4 plants
20 creatures vanquished.

Grand Total: 936 creatures vanquished

Notes
Turn   | Place    | Note
--------------------------------------------------------------
     0 | D:1      | HEYYEYAAE the Human Earth Elementalist began the quest for the Orb.
     0 | D:1      | Reached XP level 1. HP: 13/13 MP: 3/3
   153 | D:1      | Reached XP level 2. HP: 8/20 MP: 5/5
   609 | D:1      | Reached XP level 3. HP: 10/25 MP: 6/6
  1090 | D:2      | Reached skill level 1 in Fighting
  1183 | D:2      | Found a blossoming altar of Fedhas.
  1408 | D:2      | Reached XP level 4. HP: 30/32 MP: 7/7
  1440 | D:2      | Learned a level 3 spell: Stone Arrow
  1443 | D:2      | Learned a level 2 spell: Stoneskin
  1620 | D:3      | Reached skill level 1 in Armour
  1679 | D:3      | Noticed Sigmund
  1899 | D:3      | Killed Sigmund
  1899 | D:3      | Reached skill level 4 in Earth Magic
  1899 | D:3      | Reached XP level 5. HP: 36/38 MP: 6/9
  1899 | D:3      | Reached XP level 6. HP: 41/44 MP: 6/10
  2376 | D:3      | Noticed Terandir's ghost (average DEIE)
  2500 | D:4      | Found a deep blue altar of Sif Muna.
  2602 | D:4      | Found a burning altar of Makhleb.
  3160 | D:5      | Entered Level 5 of the Dungeon
  3169 | D:5      | Found a basalt altar of Yredelemnul.
  3368 | D:5      | Reached XP level 7. HP: 34/51 MP: 7/11
  3405 | D:5      | Reached skill level 5 in Earth Magic
  4284 | D:6      | Noticed Edmund
  4288 | D:6      | Reached XP level 8. HP: 47/58 MP: 2/13
  4309 | D:6      | Killed Edmund
  4309 | D:6      | Reached skill level 6 in Earth Magic
  5101 | D:6      | Noticed HEYYEYAAE's ghost (experienced HuEE)
  5285 | D:7      | Reached XP level 9. HP: 37/65 MP: 8/15
  5447 | D:7      | Learned a level 5 spell: Lee's Rapid Deconstruction
  5467 | D:7      | Identified Xuotuf's Catalogue of Igneous Combat Magic
  5477 | D:7      | Found a staircase to the Ecumenical Temple.
  5489 | Temple   | Entered the Ecumenical Temple
  5502 | Temple   | Became a worshipper of Vehumet
  5539 | D:7      | Found an ancient bone altar of Kikubaaqudgha.
  5845 | D:7      | Reached skill level 7 in Earth Magic
  6427 | D:7      | Reached skill level 5 in Dodging
  7493 | D:8      | Found a shimmering altar of Xom.
  7842 | D:9      | Found a white marble altar of Elyvilon.
  8045 | D:9      | Found a bloodstained altar of Trog.
  8067 | D:9      | Noticed a hill giant
  8070 | D:9      | Noticed a troll
  8087 | D:9      | Killed a hill giant
  8087 | D:9      | Reached skill level 5 in Fighting
  8087 | D:9      | Reached skill level 5 in Armour
  8087 | D:9      | Reached skill level 5 in Spellcasting
  8087 | D:9      | Reached skill level 8 in Earth Magic
  8087 | D:9      | Reached XP level 10. HP: 54/74 MP: 7/17
  8154 | D:9      | Killed a troll
  8230 | D:9      | Acquired Vehumet's first power
  8230 | D:9      | Offered knowledge of Sting by Vehumet.
  8245 | D:9      | Found a staircase to the Lair.
  8401 | D:9      | Reached skill level 9 in Earth Magic
  8713 | D:10     | Entered Level 10 of the Dungeon
  9136 | D:10     | Learned a level 4 spell: Petrify
  9622 | D:10     | Noticed a hill giant
  9655 | D:10     | Killed a hill giant
  9927 | D:11     | Noticed a hill giant
  9936 | D:11     | Killed a hill giant
  9936 | D:11     | Reached XP level 11. HP: 46/83 MP: 3/20
  9940 | D:11     | Noticed a gargoyle
 10008 | D:12     | Killed a gargoyle
 10072 | D:11     | Reached skill level 10 in Earth Magic
 10231 | D:11     | Noticed a four-headed hydra
 10263 | D:11     | Killed a four-headed hydra
 10433 | D:11     | Offered knowledge of Freeze by Vehumet.
 10517 | D:11     | Noticed a hill giant
 10597 | D:11     | Killed a hill giant
 10720 | D:11     | Noticed a gargoyle
 10728 | D:11     | Killed a gargoyle
 10773 | D:11     | Noticed a cyclops
 10793 | D:11     | Killed a cyclops
 10803 | D:11     | Got a shimmering flail
 10956 | D:12     | Noticed Josephine
 11134 | D:12     | Reached skill level 11 in Earth Magic
 11246 | D:12     | Noticed a hill giant
 11257 | D:12     | Killed a hill giant
 11257 | D:12     | Reached XP level 12. HP: 86/91 MP: 1/22
 11370 | D:12     | Killed Josephine
 11388 | D:12     | Noticed a manticore
 11425 | D:12     | Killed a manticore
 11516 | D:12     | Offered knowledge of Ignite Poison by Vehumet.
 11632 | D:12     | Noticed a manticore
 11634 | D:12     | Killed a manticore
 11689 | D:12     | Noticed a six-headed hydra
 11747 | D:12     | Noticed a cyclops
 11855 | D:12     | HP: 3/92 [cyclops (30)]
 12056 | D:12     | Learned a level 3 spell: Passwall
 12062 | D:12     | Killed a cyclops
 12355 | D:12     | Found a staircase to the Orcish Mines.
 12423 | D:12     | Acquired Vehumet's second power
 12556 | D:12     | Killed a six-headed hydra
 12717 | D:12     | Noticed Nergalle
 12822 | D:12     | Noticed a hill giant
 12830 | D:12     | Killed a hill giant
 12974 | D:12     | Killed Nergalle
 12974 | D:12     | Reached skill level 12 in Earth Magic
 13122 | D:12     | Noticed a cyan ugly thing
 13152 | D:12     | Killed a cyan ugly thing
 13453 | Orc:1    | Entered Level 1 of the Orcish Mines
 13453 | Orc:1    | Found a frozen archway.
 13459 | Orc:1    | Offered knowledge of Iskenderun's Mystic Blast by Vehumet.
 13462 | Orc:1    | Reached XP level 13. HP: 71/99 MP: 7/24
 13556 | IceCv    | Entered an ice cave
 13576 | IceCv    | Acquired Vehumet's third power
 14073 | IceCv    | Offered knowledge of Conjure Flame by Vehumet.
 14718 | IceCv    | Noticed wvc's ghost (powerful CeWn)
 15081 | Orc:1    | Found Urorhuno's Armour Emporium.
 15084 | Orc:1    | Bought the +2 robe "Nodantoe" {rElec Int+5 SInv} for 551 gold pieces
 15085 | Orc:1    | Found a roughly hewn altar of Beogh.
 15584 | Orc:2    | Offered knowledge of Fireball by Vehumet.
 16047 | Orc:2    | Found Fyosew's Magic Scroll Shoppe.
 16055 | Orc:2    | Bought a scroll of identify for 30 gold pieces
 16055 | Orc:2    | Bought a scroll of magic mapping for 52 gold pieces
 16055 | Orc:2    | Bought a scroll of identify for 30 gold pieces
 16055 | Orc:2    | Bought a scroll of teleportation for 45 gold pieces
 16055 | Orc:2    | Bought a scroll of recharging for 142 gold pieces
 16055 | Orc:2    | Bought a scroll of recharging for 142 gold pieces
 16055 | Orc:2    | Bought a scroll of fog for 30 gold pieces
 16057 | Orc:2    | Identified the +6 flail "Woxi" {pain, rF+ MR+ Int+2} (You took it off an orc on level 11 of the Dungeon)
 16133 | Orc:1    | Reached skill level 13 in Earth Magic
 16268 | Orc:1    | Noticed Fannar
 16403 | Orc:3    | Found a staircase to the Elven Halls.
 16761 | Orc:3    | Found a bloodstained altar of Trog.
 17096 | Orc:4    | Entered Level 4 of the Orcish Mines
 17162 | Orc:4    | Noticed an ogre mage
 17174 | Orc:4    | Paralysed by an ogre mage for 3 turns
 17334 | Orc:4    | Killed an ogre mage
 17728 | Orc:4    | Noticed an orc warlord
 18043 | Orc:3    | You fall through a shaft!
 18171 | Orc:4    | Found a roughly hewn altar of Beogh.
 18182 | Orc:4    | Offered knowledge of Poison Arrow by Vehumet.
 18235 | Orc:4    | Found Cosunung's Antique Weapon Boutique.
 18271 | Orc:4    | Found a roughly hewn altar of Beogh.
 18906 | Orc:4    | Found a roughly hewn altar of Beogh.
 19006 | Orc:4    | Found a roughly hewn altar of Beogh.
 19228 | Orc:4    | Found a roughly hewn altar of Beogh.
 19331 | Orc:4    | Reached XP level 14. HP: 109/109 MP: 15/26
 19561 | Orc:4    | Found a roughly hewn altar of Beogh.
 19563 | Orc:4    | Found Focsuenorch's Antique Weapon Boutique.
 19563 | Orc:4    | Found Vantis's Antique Armour Shop.
 19570 | Orc:4    | Bought a fine leather armour for 168 gold pieces
 19570 | Orc:4    | Bought a pair of glowing gloves for 108 gold pieces
 19570 | Orc:4    | Bought an embroidered robe for 16 gold pieces
 19580 | Orc:4    | Identified the +3 leather armour of Beogh's Condemnation {rElec rPois rN+} (You bought it in a shop on level 4 of the Orcish Mines)
 19808 | Orc:1    | Killed Fannar
 20036 | Orc:1    | Found a roughly hewn altar of Beogh.
 20273 | Lair:1   | Entered Level 1 of the Lair of Beasts
 20360 | Lair:1   | Noticed Gastronok
 20792 | Lair:1   | Killed Gastronok
 21162 | Lair:1   | Noticed Joseph
 21283 | Lair:1   | Reached skill level 10 in Fighting
 21420 | Lair:1   | Killed Joseph
 21420 | Lair:1   | Reached skill level 10 in Dodging
 21645 | Lair:1   | Reached skill level 10 in Armour
 23041 | Lair:3   | Reached skill level 14 in Earth Magic
 24048 | Lair:4   | Identified a scroll of acquirement
 24059 | Lair:4   | Found a staircase to the Snake Pit.
 24061 | Lair:4   | Noticed Snorg
 24072 | Lair:4   | Killed Snorg
 24240 | Lair:4   | Offered knowledge of Spellforged Servitor by Vehumet.
 24729 | Lair:5   | Noticed Kirke
 24734 | Lair:4   | Killed Kirke
 24813 | Lair:5   | Found a staircase to the Shoals.
 24832 | Lair:5   | Noticed Rupert
 24868 | Lair:6   | Reached XP level 15. HP: 49/117 MP: 5/28
 24884 | Lair:6   | Cast into the Abyss (drawing a card)
 25040 | Lair:6   | Escaped the Abyss
 25485 | Lair:6   | Reached skill level 10 in Spellcasting
 26418 | Lair:5   | Killed Rupert
 26822 | Lair:7   | Drew Focus: Int increased to 22, Str decreased to 7
 26858 | Lair:7   | Found a staircase to the Slime Pits.
 26859 | Lair:7   | Found a viscous altar of Jiyva.
 26937 | Lair:7   | Offered knowledge of Ozocubu's Refrigeration by Vehumet.
 27167 | Lair:7   | Reached skill level 15 in Earth Magic
 27783 | Lair:8   | Entered Level 8 of the Lair of Beasts
 29255 | Lair:8   | Reached XP level 16. HP: 96/125 MP: 4/30
 29585 | Lair:8   | Found a runed door.
 29649 | Lair:8   | Found a viscous altar of Jiyva.
 29655 | Lair:8   | Found a staircase to the Slime Pits.
 30230 | Snake:1  | Entered Level 1 of the Snake Pit
 30837 | Snake:1  | Offered knowledge of Bolt of Cold by Vehumet.
 32582 | Snake:2  | Reached skill level 16 in Earth Magic
 33601 | Snake:3  | Reached XP level 17. HP: 94/133 MP: 2/33
 33954 | Snake:3  | HP: 6/133 [anaconda (1)]
 33954 | Snake:3  | HP: 1/133 [anaconda (5)]
 33955 | Snake:3  | Slain by an anaconda

Vault maps used:
D:1:      dpeg_arrival_central, hangedman_abyss_or_decor_stabs,
          grunt_decor_arrowhead
D:2:      nicolae_overflow_crystal_walls, first_bread
D:3:      uniq_sigmund
D:4:      old_standard_altar, kennysheep_mini_moat
D:5:      yredelemnul_altar_generic
D:6:      uniq_edmund
D:7:      old_standard_altar, minmay_temple_entry_purple_smoke
D:8:      overflow_temple_1_default
D:9:      elyvilon_altar_5, erik_lair_island, bloody_trog
D:11:     serial_undead, serial_undead_c, serial_undead_f, serial_undead_d,
          serial_undead_c, serial_undead_a
D:12:     david_orc_2, lab_entry_generic, uniq_josephine, uniq_nergalle
D:13:     grunt_vaults_entry_tiered, hangedman_ranch
Temple:   zaba_magenta_temple_12
Lair:1:   beast_lair_carwin_9, infiniplex_staircase_pool_2, grunt_megastairs_2,
          uniq_gastronok, uniq_joseph
Lair:2:   bh_autumn_forest_stairs
Lair:3:   serial_bayou_shore_b
Lair:4:   minmay_snake_entry_guardpost_small, uniq_snorg
Lair:5:   minmay_shoals_entry_beasts, uniq_kirke, uniq_rupert
Lair:6:   dpeg_oklob_gauntlet
Lair:7:   beast_lair_carwin_large_2, slime_altar_1, serial_bayou_shore_a
Lair:8:   guppyfry_lair_end_dragon, slime_altar_2
Orc:1:    nicolae_orc_accident_2, portal_ice_cave_entry_ice_beasts, basic_altar,
          serial_shops, nicolae_shop_behind_doors, uniq_fannar
Orc:2:    serial_shops, nicolae_shop_crystal, nicolae_orc_lava_tube,
          abandoned_shop
Orc:3:    basic_altar, nicolae_orc_pool_cavern
Orc:4:    grunt_orc_community_town_hall, grunt_orc_community_big_house_1,
          grunt_orc_community_big_house_2, grunt_orc_community_house_1,
          grunt_orc_community_house_2, grunt_orc_community_house_3,
          grunt_orc_community_house_1, abandoned_shop, lightli_orcish_oven
Abyss:1:  evilmike_abyss_exit_6
IceCv:    ice_cave_caverns_03

Action                   |  1- 3 |  4- 6 |  7- 9 | 10-12 | 13-15 | 16-18 || total
-------------------------+-------+-------+-------+-------+-------+-------++-------
Melee: Dagger            |    79 |   134 |   334 |   340 |   866 |   116 ||  1869
       Flail             |       |       |    25 |     5 |    31 |       ||    61
Throw: Stone             |       |       |       |       |     2 |       ||     2
 Cast: Sandblast         |     6 |     4 |    10 |       |     1 |       ||    21
       Stoneskin         |       |     3 |     1 |     1 |       |       ||     5
       Stone Arrow       |       |     2 |    54 |    89 |   402 |   126 ||   673
       Lee's Rapid Decon |       |       |       |    73 |   215 |    97 ||   385
       Petrify           |       |       |       |     4 |    43 |    18 ||    65
       Passwall          |       |       |       |     1 |       |       ||     1
 Abil: Evoke Invisibilit |       |     3 |     5 |     4 |    13 |     2 ||    27
Evoke: Wand              |       |       |     9 |    32 |    20 |    14 ||    75
       Deck              |       |       |       |     2 |     8 |    10 ||    20
       Phial of floods   |       |       |       |       |     4 |     2 ||     6
       Box of beasts     |       |       |       |       |    10 |     1 ||    11
       Fan of gales      |       |       |       |       |     1 |     2 ||     3
       Sack of spiders   |       |       |       |       |       |     5 ||     5
  Use: Scroll            |       |       |    11 |    13 |    25 |     3 ||    52
       Potion            |       |       |       |     4 |     7 |    12 ||    23
 Stab: Sleeping          |     9 |     8 |     3 |     1 |     4 |       ||    25
       Invisible         |       |     4 |     8 |     4 |       |       ||    16
       Distracted        |       |     1 |     1 |       |     1 |       ||     3
       Confused          |       |       |     1 |     2 |       |       ||     3
       Petrifying        |       |       |       |       |     1 |       ||     1
  Eat: Chunk             |     1 |     5 |    14 |    39 |    77 |     7 ||   143
       Beef jerky        |       |     1 |     1 |     1 |       |       ||     3
       Pizza             |       |     1 |     1 |     1 |       |     1 ||     4
       Fruit             |       |       |     6 |       |    18 |     3 ||    27
       Royal jelly       |       |       |       |     2 |       |       ||     2
       Bread ration      |       |       |       |       |     3 |       ||     3
       Meat ration       |       |       |       |       |     1 |     3 ||     4
